 Dungeon Crawl Stone Soup version 0.31-a0-507-gbafd7f5274 (webtiles) character file.

Game seed: 10983001552953091901

569 chunkyMonkey the Trooper (level 7, 0/49 HPs)
             Began as a Vine Stalker Fighter on Aug 9, 2023.
             Was an Initiate of Cheibriados.
             Succumbed to Sigmund's poison
             ... on level 5 of the Dungeon.
             The game lasted 00:06:52 (4737 turns).

chunkyMonkey the Trooper (Vine Stalker Fighter)     Turns: 4737, Time: 00:06:52

Health: 0/49       AC: 23    Str: 20    XL:     7   Next: 33%
Magic:  5/12       EV:  2    Int:  8    God:    Cheibriados [......]
Gold:   347        SH:  5    Dex: 19    Spells: 12/12 levels left

rFire   . . .        m - +1 whip (venom)
rCold   . . .        c - +0 buckler
rNeg    . . .        j - melded +0 chain mail
rPois   +            (helmet currently unavailable)
rElec   .            (cloak currently unavailable)
rCorr   .            n - melded +0 pair of gloves
SInv    .            (boots currently unavailable)
Will    +....        (no amulet)
Stlth   ++           (no ring)
HPRegen 1.08/turn    (no ring)
MPRegen 0.13/turn

%: guardian spirit
@: mighty, lethally poisoned (0 -> -3), tree-form, very slow
A: stationary, stasis, torment immunity, boosted hp, (fangs 2), regeneration 1,
magic shield, (antimagic bite), no potion heal 2, agile 1, frail 1,
strong-willed 1
a: Renounce Religion


You were on level 5 of the Dungeon.
You worshipped Cheibriados.
Cheibriados was noncommittal.
You were a tree.
You visited 2 branches of the dungeon, and saw 6 of its levels.

You collected 347 gold pieces.

Inventory:

Hand Weapons
 a - a +0 long sword
 m - a +1 whip of venom (weapon)
Missiles
 l - 12 poisoned darts (quivered)
Armour
 c - a +0 buckler (worn)
 j - a +0 chain mail (melded)
 n - a +0 pair of gloves (melded)
Jewellery
 i - a ring of positive energy
 s - a +5 ring of evasion
Talismans
 u - a maw talisman
Wands
 g - a wand of polymorph (4)
 t - a wand of acid (1)
Scrolls
 b - a scroll of noise
 e - a scroll of revelation {unknown}
 f - 3 scrolls of teleportation
 o - a scroll of immolation {unknown}
 p - a scroll of fog {unknown}
 q - a scroll of enchant weapon {unknown}
Potions
 d - 3 potions of might
 h - a potion of attraction
 k - a potion of heal wounds
 r - a potion of lignification


   Skills:
 * Level 4.2 Fighting
 * Level 3.6 Long Blades
 + Level 3.2 Armour
 + Level 1.8 Dodging
 + Level 3.5 Shields
 * Level 3.1 Spellcasting


You had 12 spell levels left.
You didn't know any spells.
Your spell library contained the following spells:

 Spells                   Type           Power      Damage    Failure   Level
 Cigotuvi's Dreadful Rot  Necr/Pois/Air  2%         N/A       52%         2
 Sublimation of Blood     Necr           1%         N/A       52%         2
 Wereblood                Tmut           1%         N/A       52%         2
 Ignite Poison            Fire/Tmut/Pois 1%         N/A       75%         3
 Freezing Cloud           Conj/Ice/Air   0%         6-21      100%        5
 Summon Hydra             Summ           0%         N/A       100%        7


Dungeon Overview and Level Annotations

Branches:
Dungeon (5/15)             Temple (1/1) D:5

Altars:
Ashenzari
Cheibriados
Dithmenos
Elyvilon
Fedhas
Hepliaklqana
Nemelex Xobeh
Qazlal
Ru
Trog
Uskayaw
Vehumet
Wu Jian
Xom
Yredelemnul
Zin
The Shining One

Annotations:
D:5 Sigmund


Innate Abilities, Weirdness & Mutations

You are a tree.
Your roots penetrate the ground, keeping you stationary.
You cannot be teleported.
You are immune to unholy pain and torment.
Your maximum health is greatly increased.
Your equipment is partially melded.
((You have extremely sharp teeth.))
Your natural rate of healing is unusually fast.
When hurt, damage is shared between your health and your magic reserves.
((Your bite disrupts and absorbs the magic of your enemies.))
Potions cannot restore your health.
You are agile. (Dex +4, Str/Int -1)
You are frail. (-10% HP)
You are strong-willed. (Will+)


Message History

Aiming: Corrosive Bolt
Press: ? - help, Shift-Dir - straight line The bolt of acid hits something!
The acid corrodes something!
You feel sick.
You feel sick.
You feel sick.
You feel sick.
You feel sick.
You feel sick. Something hits you but does no damage.
You feel sick.
You feel sick.
You feel sick. Something hits you!
You are more poisoned.
You feel very sick. Something hits you.
You are more poisoned.
You feel very sick.
* * * LOW HITPOINT WARNING * * *
You feel very sick.
* * * LOW HITPOINT WARNING * * *
You feel very sick.
You feel very mighty all of a sudden.
You feel sick. Something hits you but does no damage.
You are lethally poisoned!
It was a potion of heal wounds.
That seemed strangely inert.
* * * LOW HITPOINT WARNING * * *
You feel very sick.
It was a potion of lignification.
You turn into a tree.
Your +0 pair of gloves melds into your body.
Your +0 chain mail melds into your body.
Your roots penetrate the ground.
* * * LOW HITPOINT WARNING * * *
You feel very sick. Something hits you.
* * * LOW HITPOINT WARNING * * *
Okay, then.
You cannot move.
Aiming: Corrosive Bolt
Press: ? - help, Shift-Dir - straight line The bolt of acid hits something.
The acid corrodes something!
You die...

##### #!..# ### #
# ###...#######
#..
.##.##...........#
#.#
.................#
#.###
...........♣.....#
#.##.
#...##....#.....#
#.##. ##.
#....#.....#
##.##.
#.####.#.###
#..... #......#.#
#..... ########.#
#.####
#.########.#
##........#.####
##..######.#.##.#


There were no monsters in sight!

Vanquished Creatures
  An ogre (D:4)
  2 scorpions
  2 hounds (D:5)
  Jessica (D:3)
  2 iguanas (D:5)
  3 gnolls (D:4)
  10 adders
  A shadow imp (D:5)
  An ufetubus (D:5)
  A worm (D:3)
  3 dart slugs
  6 orcs (D:5)
  5 bats
  8 endoplasms
  5 giant cockroaches
  7 hobgoblins
  4 jackals (D:2)
  3 quokkas
  5 ball pythons
  A frilled lizard (D:2)
  8 goblins
  10 kobolds
  8 rats
97 creatures vanquished.

Notes
Turn   | Place    | Note
-------+----------+-------------------------------------------
     0 | D:1      | chunkyMonkey the Vine Stalker Fighter began the quest for
                  | the Orb.
     0 | D:1      | Reached XP level 1. HP: 11/11 MP: 2/2
   204 | D:1      | Reached XP level 2. HP: 16/16 MP: 3/3
   281 | D:1      | Found a faded altar of an unknown god.
   660 | D:1      | Reached XP level 3. HP: 13/19 MP: 3/5
   868 | D:1      | Reached skill level 3 in Fighting
  1053 | D:2      | Reached skill level 1 in Spellcasting
  1210 | D:2      | Gained mutation: Your natural rate of healing is unusually
                  | fast. [Vine Stalker growth]
  1210 | D:2      | Reached XP level 4. HP: 24/24 MP: 5/7
  2035 | D:3      | Noticed Jessica
  2044 | D:3      | Killed Jessica
  2045 | D:3      | Reached skill level 1 in Dodging
  2045 | D:3      | Reached XP level 5. HP: 28/28 MP: 6/8
  2458 | D:3      | Found a white marble altar of Elyvilon.
  2470 | D:3      | Found an ornate altar of the Wu Jian Council.
  2474 | D:3      | Found a blossoming altar of Fedhas.
  2668 | D:4      | Noticed an ogre
  2680 | D:4      | Killed an ogre
  2683 | D:4      | Reached XP level 6. HP: 32/32 MP: 8/10
  2782 | D:4      | Gained mutation: Armour fits poorly on your strangely
                  | shaped body. [potion of mutation]
  2783 | D:4      | Lost mutation: Armour fits poorly on your strangely shaped
                  | body. [potion of mutation]
  2783 | D:4      | Gained mutation: You are strong-willed. (Will+) [potion of
                  | mutation]
  2783 | D:4      | Gained mutation: You are frail. (-10% HP) [potion of
                  | mutation]
  2783 | D:4      | Gained mutation: You are agile. (Dex +4, Str/Int -1)
                  | [potion of mutation]
  4020 | D:5      | Entered Level 5 of the Dungeon
  4044 | D:5      | Found a staircase to the Ecumenical Temple.
  4082 | Temple   | Entered the Ecumenical Temple
  4128 | Temple   | Became a worshipper of Cheibriados the Contemplative
  4164 | D:5      | Reached skill level 4 in Fighting
  4164 | D:5      | Reached XP level 7. HP: 27/33 MP: 10/12
  4229 | D:5      | Found the +1 Delatra's gloves {ID++}
  4716 | D:5      | Noticed Sigmund
  4736 | D:5      | HP: 1/49 [something (2)]
  4737 | D:5      | Succumbed to Sigmund's poison

Illustrated notes

Levels and vault maps discovered:
D:1:      minmay_arrival_split_and_join, layout_basic,
          ebering_ecumenical_altar_rust, serial_rivers,
          chequers_serial_rivers_small_b, chequers_serial_rivers_micro_a,
          chequers_serial_rivers_small_b, chequers_serial_rivers_large_b,
          chequers_serial_rivers_room_b
D:2:      layout_loops_ring
D:3:      layout_loops_ring, minmay_overflow_temple_star_quad,
          minmay_statues_item, uniq_jessica
D:4:      minmay_diamond_boxcup, layout_layer_cave
D:5:      layout_loops_corners, okawaru_trees_1, nicolae_overflow_two_pavilions,
          lemuel_crystal_altar, minmay_temple_entry_stoned_glass,
          kennysheep_generic_room_4, uniq_sigmund
Temple:   compressed_dpeg_circular_temple

Skill      XL: |  1  2  3  4  5  6  7 |
---------------+----------------------+-----
Long Blades    | 2 3 |  3.6
Fighting       | 3 4 |  4.2
Spellcasting   | 1 2 3 |  3.1
Dodging        | 1 |  1.8
Shields        | 3 |  3.5
Armour         | 3 |  3.2

Action                     |  1- 3 |  4- 6 |  7- 9 || total
---------------------------+-------+-------+-------++-------
  Melee: Long sword        |    87 |     3 |       ||    90
         Bite              |    15 |    32 |    13 ||    60
         Whip              |       |   110 |    41 ||   151
  Throw: Dart              |       |     5 |       ||     5
  Evoke: Wand              |       |       |     3 ||     3
    Use: Scroll            |       |     7 |       ||     7
         Potion            |       |     2 |     3 ||     5
 Armour: Scale mail        |    14 |       |       ||    14
         Chain mail        |    22 |    40 |    18 ||    80
  Dodge: Dodged            |    42 |    53 |    27 ||   122
  Block: Buckler           |    20 |    30 |    12 ||    62

Table legend: (Time is in decaauts)
 A = Elapsed time spent in this place.
 B = Non-inter-level travel time spent in this place.
 C = Inter-level travel time spent in this place.
 D = Time resting spent in this place.
 E = Time spent auto-exploring this place.
 F = Levels seen in this place.
 G = Mean time per level.
                   A        B        C        D        E       F      G
               +--------+--------+--------+--------+--------+-----+--------+
         Total |   4972 |   4864 |    108 |    275 |   3787 |   6 |  828.7 |
       Dungeon |   4888 |   4817 |     71 |    275 |   3787 |   5 |  977.6 |
        Temple |     84 |     47 |     37 |      0 |      0 |   1 |   84.0 |
               +--------+--------+--------+--------+--------+-----+--------+

Top non-repeatable levels by time:
     D:4: 1471 daAuts
     D:1: 1059 daAuts
     D:3: 814 daAuts
     D:5: 792 daAuts
     D:2: 750 daAuts
  Temple: 84 daAuts
